AoeStats
← RedLeader

Arabian Desert

510333411Analyzed
1v1 RM · 13h ago on Sep 30, 2026· 38m 37s· 2 players
Game mode
Random Map
Map size
Tiny (2 player)
Population
200
Speed
Normal
Resources
Standard
Victory
Conquest
Starting age
Dark Age
Ending age
Imperial Age
RankedLock teamsTeams togetherTeam positionsShared explorationLock speedFull tech treeHidden civsTurbo modeCheats
Victory
Defeat
🇺🇿 Magyars · Uzbekistan
1459
+13
🇩🇪 Sicilians · Germany
1396
-13
RedLeader
5:59 Loom
8:52 Feudal Age
9:21 Double-Bit Axe
9:01 Man-at-Arms
11:47 Fletching
15:59 Padded Archer Armor
23:23 Castle Age
22:18 Scale Barding Armor
22:18 Gold Mining
22:10 Horse Collar
23:13 Bloodlines
24:06 Husbandry
24:59 Bodkin Arrow
26:11 Sanctity
26:27 Bow Saw
27:35 Wheelbarrow
27:17 Fervor
28:08 Leather Archer Armor
29:18 Chain Barding Armor
29:50 Ballistics
30:07 Gold Shaft Mining
29:38 Stone Mining
30:46 Hand Cart
33:33 Treadmill Crane
34:11 Heavy Plow
37:59 Imperial Age
37:17 Town Watch
38:55 Bracer
39:31 Plate Barding Armor
jc936194
6:40 Loom
9:24 Feudal Age
10:49 Horse Collar
15:50 Fletching
16:52 Padded Archer Armor
20:06 Wheelbarrow
23:25 Castle Age
24:27 Bodkin Arrow
24:32 Town Watch
24:42 Elite Skirmisher
25:58 Double-Bit Axe
27:49 Bow Saw
28:18 Scale Mail Armor
31:37 Hand Cart
34:02 Chain Mail Armor
33:58 Forging
34:06 Pikeman
41:22 Imperial Age
Connection lost

Rejoining the realm…

Still unreachable

The connection could not be restored.

Session expired

The server has moved on; the page needs a fresh start.